 Dungeon Crawl Stone Soup version 0.29-a0-982-gaed3a0c8d8 (webtiles) character file.

Game seed: 10812820149740667930

2 zeratav the Stinger (level 1, 0/11 HPs)
             Began as an Octopode Venom Mage on Aug 2, 2022.
             Slain by a worm (11 damage)
             ... on level 2 of the Dungeon.
             The game lasted 00:00:19 (254 turns).

zeratav the Stinger (Octopode Venom Mage)            Turns: 254, Time: 00:00:20

Health: 0/11       AC:  1    Str:  7    XL:     1   Next: 30%
Magic:  0/3        EV: 13    Int: 17    God:
Gold:   13         SH:  0    Dex: 12    Spells: 3/4 levels left

rFire   . . .      SeeInvis .   (no weapon)
rCold   . . .      Faith    .   (no shield)
rNeg    . . .      Spirit   .   (helmet restricted)
rPois   .          Reflect  .   (no amulet)
rElec   .          Harm     .   (no ring)
rCorr   .          Rampage  .   (no ring)
Will    .....                   (no ring)
Stlth   +++.......              (no ring)
HPRegen 0.03/turn               (no ring)
MPRegen 0.08/turn               (no ring)
                                (no ring)
                                (no ring)

@: no status effects
A: almost no armour, amphibious, 8 rings, camouflage 1, gelatinous body 1,
(nimble swimmer 1), tentacles
a: no special abilities


You were on level 2 of the Dungeon.
You visited 1 branch of the dungeon, and saw 2 of its levels.

You collected 13 gold pieces.


Innate Abilities, Weirdness & Mutations

You cannot wear most types of armour.
You are amphibious.
You can wear up to eight rings at the same time.
Your skin changes colour to match your surroundings (Stealth+).
Your rubbery body absorbs attacks. (AC +1, EV +1)
((You are camouflaged when in or above water. (Stealth+)))
You have tentacles for arms and can constrict up to eight enemies at once.


   Skills:
 - Level 2.0 Dodging
 + Level 2.8 Stealth
 - Level 2.0 Spellcasting
 - Level 1.0 Transmutations
 + Level 3.7 Poison Magic


You had 3 spell levels left.
You knew the following spells:

 Your Spells              Type           Power      Damage    Failure   Level
a - Sting                 Tmut/Pois      36%        1d4       8%          1

Your spell library contained the following spells:

 Spells                   Type           Power      Damage    Failure   Level
 Poisonous Vapours        Pois/Air       16%        N/A       14%         2
 Mephitic Cloud           Conj/Pois/Air  5%         N/A       34%         3
 Olgreb's Toxic Radiance  Pois           14%        N/A       38%         4

Inventory:

Scrolls
 d - a scroll of amnesia {unknown}
Potions
 a - a potion of magic
 b - a potion of curing {unknown}
 c - 2 potions of degeneration {unknown}

Dungeon Overview and Level Annotations

Branches:
Dungeon (1/15) Zot: 11745

Altars:

#.## ##.###
#.#.## ..
##....##
#.###......#
#...#....###.
##...........
####.#.#####
#@#.#
......w.#+#
########. ..
... ...l
.?... ......


You could see a worm (very poisoned) and a frilled lizard.


Message History

🤖 Initializing magus.rc ...
Bad channel name for runrest: 'pray:' ✅ Successfully initialized magus.rc [v1.9.6] Welcome, zeratav the Octopode Venom Mage.
Are you destined to find the marvelous Orb of Zot, or to die trying?
Press ? for a list of commands and other information.
Found a staircase leading out of the dungeon.
You open the door.
There is an open door here.
The troll shouts!
The spriggan shouts!
The elf shouts!
The draconian roars!
The minotaur bellows!
The vine stalker shouts!
The merfolk shouts!
The human shouts!
You open the door.
A rat comes into view.
A rat is nearby!
A rat is nearby!
There is an open door here.
An endoplasm comes into view.
The sting hits the rat.
The rat is poisoned.
You kill the rat!
MP[-1]
You lost 1 mp, and now have 2/3 mp.
You can't see any susceptible monsters within range! (Use Z to cast anyway.)
You can't see any susceptible monsters within range! (Use Z to cast anyway.)
An endoplasm is nearby!
The sting hits the endoplasm.
The endoplasm partially resists.
The endoplasm quivers.
MP[-1]
You lost 1 mp, and now have 1/3 mp.
The sting hits the endoplasm.
The endoplasm partially resists.
MP[-1]
You lost 1 mp, and now have 0/3 mp.
You are out of magic!
You are out of magic!
You barely miss the endoplasm. The endoplasm freezes you.
You are frozen.
HP[-5]
You take 5 damage, and now have 6/11 hp.
MASSIVE DAMAGE!! (PAUSE)
You tentacle-slap the endoplasm. The endoplasm barely misses you.
You tentacle-slap the endoplasm.
You kill the endoplasm!
No target in view!
b - a fuming golden potion HP[+5] MP[+3]
Your hp is fully restored (11).
Your mp is fully restored (3).
c - 2 brown potions
d - a scroll labelled ETTAEMES QOCUM A sourceless malevolence fills the Dungeon...
You fall into a shaft and drop 1 floor!
The shaft crumbles and collapses.
You now have 13 gold pieces.
A frilled lizard comes into view.
The frilled lizard moves out of view.
A worm comes into view.
The sting hits the worm.
The worm is poisoned.
MP[-1]
You lost 1 mp, and now have 2/3 mp.
The sting hits the worm.
The worm looks even sicker.
The frilled lizard hisses angrily.
MP[-1]
You lost 1 mp, and now have 1/3 mp.
The sting hits the worm.
The worm looks even sicker.
MP[-1]
You lost 1 mp, and now have 0/3 mp.
You are out of magic!
You are out of magic!
You tentacle-slap the worm but do no damage.
You grab the worm. You constrict the worm. The worm bites you!
Ouch! That really hurt!
You die...

Action                   || total
-------------------------++-------
Melee: Unarmed           ||     4
       Constrict         ||     1
 Cast: Sting             ||     6
Dodge: Dodged            ||     1

Levels and vault maps discovered:
D:1:      kb_arrival_jail, layout_basic
D:2:      cheibrodos_helix_gallery, layout_loops_corners, serial_shops,
          shop_fountains, basic_altar, shapermc_ecumenical_altar_mp_urbaneastern

Notes
Turn   | Place    | Note
-------+----------+-------------------------------------------
     0 | D:1      | zeratav the Octopode Venom Mage began the quest for the
                  | Orb.
     0 | D:1      | Reached XP level 1. HP: 11/11 MP: 3/3
     0 | D:1      | magus.rc [v1.9.6]
     2 | D:1      | Noticed a troll
     2 | D:1      | Noticed a ghoul
     4 | D:1      | Noticed a demonspawn
     4 | D:1      | Noticed a naga
     6 | D:1      | Noticed a spriggan
     8 | D:1      | Noticed a felid
    10 | D:1      | Noticed an ogre
    12 | D:1      | Noticed a demigod
    12 | D:1      | Noticed a vampire
    14 | D:1      | Noticed a formicid
    16 | D:1      | Noticed an elf
    16 | D:1      | Noticed a tengu
    18 | D:1      | Noticed an octopode
    20 | D:1      | Noticed a draconian
    20 | D:1      | Noticed a dwarf
    22 | D:1      | Noticed a minotaur
    22 | D:1      | Noticed a vine stalker
    24 | D:1      | Noticed a gargoyle
    24 | D:1      | Noticed a merfolk
    26 | D:1      | Noticed a human
   234 | D:1      | You fall into a shaft and drop 1 floor!
   254 | D:2      | Slain by a worm

Vanquished Creatures
  An endoplasm (D:1)
  A rat (D:1)
2 creatures vanquished.

Table legend:
 A = Non-vault XP
 B = Vault XP
 C = Vault XP percentage of total XP
 D = Non-vault monster count
 E = Vault monster count
 F = Vault count percentage of total count
                 A         B        C        D         E       F
            +---------+---------+-------+---------+---------+-------
      Total |       3 |       0 |   0.0 |       2 |       0 |   0.0
            +---------+---------+-------+---------+---------+-------
        D:1 |       3 |       0 |   0.0 |       2 |       0 |   0.0
            +---------+---------+-------+---------+---------+-------

Illustrated notes

Table legend:
 A = Kills in this place as a percentage of kills in entire the game.
 B = Kills by you in this place as a percentage of kills by you in the entire game.
 C = Kills by friends in this place as a percentage of kills by friends in the entire game.
 D = Other kills in this place as a percentage of other kills in the entire game.
 E = Experience gained in this place as a percentage of experience gained in the entire game.
 F = Experience gained in this place divided by the number of levels of this place that you have seen.
                   A       B       C       D       E      F
               +-------+-------+-------+-------+-------+----------------------
         Total | 100.0 | 100.0 |   N/A |   N/A | 100.0 |   1.5
       Dungeon | 100.0 | 100.0 |   N/A |   N/A | 100.0 |   1.5
               +-------+-------+-------+-------+-------+----------------------

Table legend: (Time is in decaauts)
 A = Elapsed time spent in this place.
 B = Non-inter-level travel time spent in this place.
 C = Inter-level travel time spent in this place.
 D = Time resting spent in this place.
 E = Time spent auto-exploring this place.
 F = Levels seen in this place.
 G = Mean time per level.
                   A        B        C        D        E       F      G
               +--------+--------+--------+--------+--------+-----+--------+
         Total |    253 |    253 |      0 |      0 |    235 |   2 |  126.5 |
       Dungeon |    253 |    253 |      0 |      0 |    235 |   2 |  126.5 |
               +--------+--------+--------+--------+--------+-----+--------+

Top non-repeatable levels by time:
     D:1: 234 daAuts
     D:2: 19 daAuts
